[Event "ICCopen2016"]
[Site "Internet Chess Club"]
[Date "2016.06.04"]
[Round "8"]
[White "luckypawns"]
[Black "PITCHUS"]
[Result "0-1"]
[ICCResult "White checkmated"]
[WhiteElo "1614"]
[BlackElo "1885"]
[Opening "Caro-Kann: closed (Breyer) variation"]
[ECO "B10"]
[NIC "CK.01"]
[Time "15:22:17"]
[TimeControl "180+0"]

1. e4 c6 2. d3 d5 3. Nd2 dxe4 4. dxe4 g6 5. f4 Bg7 6. Ngf3 Bg4 7. Bd3 Bxf3
8. Qxf3 Nf6 9. O-O O-O 10. Nc4 b5 11. Ne3 a6 12. Rd1 Qb6 13. Kh1 Nbd7 14. c3
Nc5 15. Bc2 Rfd8 16. Bd2 Nd3 17. Bxd3 Rxd3 18. Bc1 Rad8 19. Rxd3 Rxd3 20.
Nd5 Rxf3 21. Nxb6 Rf1# {White checkmated} 0-1

[Event "ICCopen2016"]
[Site "Internet Chess Club"]
[Date "2016.06.04"]
[Round "8"]
[White "Jbob"]
[Black "TURNER"]
[Result "0-1"]
[ICCResult "White resigns"]
[WhiteElo "1596"]
[BlackElo "1829"]
[Opening "Blackmar gambit"]
[ECO "B01"]
[NIC "VO.17"]
[Time "15:21:18"]
[TimeControl "180+0"]

1. e4 d5 2. d4 dxe4 3. Nc3 Nf6 4. f3 Bf5 5. fxe4 Nxe4 6. Nf3 Nc6 7. Bb5 e6
8. O-O Bd6 9. d5 Nxc3 10. bxc3 exd5 11. Nd4 Bd7 12. Qh5 O-O 13. Qxd5 Nxd4
14. Bxd7 Ne2+ 15. Kf2 Qxd7 16. Kxe2 Rfe8+ 17. Kf2 Bg3+ 18. hxg3 Qxd5
{White resigns}
0-1

[Event "ICCopen2016"]
[Site "Internet Chess Club"]
[Date "2016.06.04"]
[Round "8"]
[White "Bochkarev"]
[Black "Bozhenka"]
[Result "1-0"]
[ICCResult "Black resigns"]
[WhiteElo "2823"]
[BlackElo "2927"]
[Opening "Queen's pawn game"]
[ECO "A46"]
[NIC "QP.05"]
[Time "15:20:38"]
[TimeControl "180+0"]

1. d4 Nf6 2. Nf3 e6 3. Bf4 d5 4. e3 c5 5. c3 Nc6 6. Nbd2 Bd6 7. Bg3 O-O 8.
Bb5 a6 9. Bxc6 bxc6 10. O-O cxd4 11. cxd4 c5 12. Rc1 cxd4 13. Nxd4 Bxg3 14.
hxg3 Bd7 15. N2f3 Qb8 16. Qb3 Ne4 17. Qxb8 Rfxb8 18. Rc2 Be8 19. Rfc1 h6 20.
Kf1 a5 21. Ke1 a4 22. Ne5 f6 23. Nec6 Bxc6 24. Nxc6 Rb7 25. g4 e5 26. a3 Kh7
27. Nb4 Rd8 28. Rd1 Rbd7 29. f3 Ng5 30. Rcd2 d4 31. exd4 exd4 32. Nc6 Re8+
33. Kf2 Rd6 34. Nxd4 Red8 35. Nb3 Rxd2+ 36. Rxd2 Rb8 37. Nc5 Ra8 38. Rd4 Ne6
39. Nxe6 {Black resigns} 1-0

[Event "ICCopen2016"]
[Site "Internet Chess Club"]
[Date "2016.06.04"]
[Round "8"]
[White "WhiteMoon"]
[Black "Kakarotto"]
[Result "0-1"]
[ICCResult "White resigns"]
[WhiteElo "2086"]
[BlackElo "2616"]
[Opening "QGD: Cambridge Springs defense, Bogolyubov variation"]
[ECO "D52"]
[NIC "QO.15"]
[Time "15:21:16"]
[TimeControl "180+0"]

1. d4 Nf6 2. Nf3 e6 3. c4 d5 4. Nc3 c6 5. Bg5 Nbd7 6. e3 Qa5 7. Nd2 Bb4 8.
Qc2 c5 9. Bxf6 Nxf6 10. cxd5 exd5 11. Nb3 Bxc3+ 12. bxc3 Qc7 13. Nxc5 O-O
14. Bd3 h5 15. Rc1 h4 16. h3 b6 17. Nb3 Be6 18. O-O Rac8 19. e4 dxe4 20.
Bxe4 Qf4 21. Rfe1 Rfe8 22. Bf3 Qg5 23. Kh1 Bf5 24. Qd2 Qg6 25. Re3 Rxe3 26.
Qxe3 Ne4 27. c4 Ng5 28. d5 Bd7 29. c5 Re8 30. Qf4 bxc5 31. Nxc5 Bxh3 32.
gxh3 Nxh3 33. Qxh4 Qf5 34. Bg4 Nxf2+ 35. Kg2 Nxg4 36. Rf1 Ne3+ {White
resigns} 0-1

[Event "ICCopen2016"]
[Site "Internet Chess Club"]
[Date "2016.06.04"]
[Round "8"]
[White "MrGioMu"]
[Black "awesome5123"]
[Result "1-0"]
[ICCResult "Black resigns"]
[WhiteElo "1863"]
[BlackElo "1638"]
[Opening "English: symmetrical variation"]
[ECO "A35"]
[NIC "EO.64"]
[Time "15:21:12"]
[TimeControl "180+0"]

1. c4 c5 2. Nc3 Nc6 3. e3 g6 4. d4 cxd4 5. exd4 e6 6. d5 exd5 7. cxd5 Ne5 8.
f4 Bd6 9. fxe5 Bxe5 10. Nf3 Bb8 11. Bc4 d6 12. O-O Ne7 13. Bg5 O-O 14. Qd4
Re8 15. Rae1 Qc7 16. Bb5 a6 17. Bxe8 Ba7 18. Rxe7 Bxd4+ 19. Nxd4 Qc5 20. Be3
Bg4 21. Bxf7+ Kh8 22. Nf5 Qc4 23. Bd4+ Qxd4+ 24. Nxd4 Bd7 25. Rxd7
{Black resigns}
1-0

[Event "ICCopen2016"]
[Site "Internet Chess Club"]
[Date "2016.06.04"]
[Round "8"]
[White "AllGunsBlazing"]
[Black "chaozz"]
[Result "1-0"]
[ICCResult "Black resigns"]
[WhiteElo "2703"]
[BlackElo "3013"]
[Opening "Old Indian: main line"]
[ECO "A55"]
[NIC "OI.04"]
[Time "15:20:42"]
[TimeControl "180+0"]

1. d4 Nf6 2. c4 d6 3. Nc3 Nbd7 4. e4 e5 5. Nf3 c6 6. Be2 g6 7. O-O Bg7 8.
dxe5 dxe5 9. Qd6 Qe7 10. Qxe7+ Kxe7 11. b3 Rd8 12. Ba3+ Ke8 13. Bd6 Nh5 14.
Bc7 Nf4 15. Rfd1 Ke7 16. Bxd8+ Kxd8 17. Bf1 Kc7 18. g3 Ne6 19. Bh3 Ndc5 20.
b4 Na6 21. a3 Nd4 22. Ng5 h6 23. Bxc8 hxg5 24. Bg4 f5 25. Bh3 Nf3+ 26. Kf1
Rh8 27. Bg2 g4 28. Bxf3 gxf3 29. h4 g5 30. Rd3 gxh4 31. Rxf3 hxg3 32. Kg2
gxf2 33. Rxf5 Rg8 34. Kxf2 Nb8 35. Rg1 Nd7 36. Rf7 Rf8 37. Rxg7 {Black
resigns} 1-0

[Event "ICCopen2016"]
[Site "Internet Chess Club"]
[Date "2016.06.04"]
[Round "8"]
[White "klodshans"]
[Black "Art"]
[Result "0-1"]
[ICCResult "White resigns"]
[WhiteElo "1636"]
[BlackElo "2178"]
[Opening "Queen's pawn, Mason variation"]
[ECO "D00"]
[NIC "QP.08"]
[Time "15:21:19"]
[TimeControl "180+0"]

1. d4 d5 2. Bf4 Nf6 3. e3 c5 4. c3 Nc6 5. Nd2 Bg4 6. f3 Bd7 7. Bd3 e6 8. Qc2
Be7 9. h4 Rc8 10. h5 cxd4 11. exd4 Nxd4 12. Qb1 Nc6 13. Ne2 h6 14. a4 e5 15.
Bg3 O-O 16. Qa2 Be6 17. c4 Nb4 18. Qb3 Nxd3+ 19. Qxd3 dxc4 20. Qxd8 Rfxd8
21. O-O-O Nd7 22. Nc3 Nc5 23. Nde4 Nd3+ 24. Kb1 f5 25. Nf2 f4 26. Bh2 Nxf2
{White resigns}
0-1

[Event "ICCopen2016"]
[Site "Internet Chess Club"]
[Date "2016.06.04"]
[Round "8"]
[White "PED"]
[Black "DukeBishop"]
[Result "1-0"]
[ICCResult "Black forfeits on time"]
[WhiteElo "2085"]
[BlackElo "1604"]
[Opening "Vienna game"]
[ECO "C28"]
[NIC "VG.04"]
[Time "15:20:46"]
[TimeControl "180+0"]

1. e4 e5 2. Nc3 Nc6 3. Bc4 Nf6 4. d3 Be7 5. f4 d6 6. f5 Na5 7. Qf3 Nxc4 8.
dxc4 c6 9. Be3 Qa5 10. Ne2 Bd7 11. O-O O-O-O 12. a3 d5 13. cxd5 cxd5 14.
Nxd5 Nxd5 15. exd5 Bb5 16. c4 Bd7 17. b4 Qc7 18. c5 Bf6 19. Rad1 Rhe8 20.
Ng3 Bb5 21. Rfe1 e4 22. Nxe4 Qe5 23. Bf4 {Black forfeits on time} 1-0

[Event "ICCopen2016"]
[Site "Internet Chess Club"]
[Date "2016.06.04"]
[Round "8"]
[White "mrneale"]
[Black "hawkstorm"]
[Result "1-0"]
[ICCResult "Black checkmated"]
[WhiteElo "1252"]
[BlackElo "1548"]
[Opening "Danish gambit"]
[ECO "C21"]
[NIC "KP.04"]
[Time "15:21:58"]
[TimeControl "180+0"]

1. e4 e5 2. d4 exd4 3. c3 dxc3 4. Bc4 Nf6 5. Nxc3 Bb4 6. Nf3 Nxe4 7. O-O
Bxc3 8. bxc3 O-O 9. Re1 Nxc3 10. Qc2 Qf6 11. Bb2 d5 12. Bxd5 Qd6 13. Qxc3
Qg6 14. Be4 Qh5 15. Qxg7# {Black checkmated} 1-0

[Event "ICCopen2016"]
[Site "Internet Chess Club"]
[Date "2016.06.04"]
[Round "8"]
[White "ALexiz"]
[Black "Palenque"]
[Result "0-1"]
[ICCResult "White resigns"]
[WhiteElo "1802"]
[BlackElo "1672"]
[Opening "Philidor: Improved Hanham variation"]
[ECO "B07"]
[NIC "PU.08"]
[Time "15:20:51"]
[TimeControl "180+0"]

1. d4 d6 2. e4 Nf6 3. Nc3 e5 4. Nf3 Nbd7 5. g3 Be7 6. Bg2 O-O 7. O-O c6 8.
h3 Qc7 9. Be3 b5 10. a3 a5 11. dxe5 dxe5 12. Bg5 Rb8 13. Re1 b4 14. Na4 bxa3
15. bxa3 h6 16. Bd2 Nc5 17. Nxc5 Bxc5 18. Bc3 Re8 19. Qc1 Ba6 20. Bxe5 Rxe5
21. Nxe5 Qxe5 22. Rb1 Rxb1 23. Qxb1 Qxg3 24. Rf1 Bxf1 25. Qxf1 Qxa3 26. e5
Nd5 27. Bxd5 cxd5 28. Qe2 Qxh3 29. e6 Qxe6 30. Qb5 Qe1+ 31. Kg2 Qxf2+ 32.
Kh3 Qf3+ 33. Kh2 Bd6+ 34. Kg1 Bg3 35. Qc5 Bf2+ 36. Qxf2 Qxf2+ {White
resigns} 0-1

[Event "ICCopen2016"]
[Site "Internet Chess Club"]
[Date "2016.06.04"]
[Round "8"]
[White "Valai"]
[Black "OparinGrigoriy"]
[Result "0-1"]
[ICCResult "White resigns"]
[WhiteElo "2557"]
[BlackElo "2796"]
[Opening "Nimzo-Indian: three knights variation"]
[ECO "E21"]
[NIC "NI.28"]
[Time "15:21:45"]
[TimeControl "180+0"]

1. d4 Nf6 2. c4 e6 3. Nc3 Bb4 4. Nf3 c5 5. g3 Ne4 6. Qc2 Qa5 7. Qxe4 Bxc3+
8. Bd2 Bxd2+ 9. Nxd2 Nc6 10. d5 Nd4 11. Bg2 Nb3 12. Rd1 Qxa2 13. O-O Qxb2
14. Nf3 Qf6 15. Rb1 Nd4 16. Ne5 O-O 17. e3 Ne2+ 18. Kh1 Nc3 19. Qf4 Qxf4 20.
gxf4 Nxb1 21. Rxb1 d6 22. Nd3 exd5 23. Bxd5 Be6 24. Rxb7 Bxd5+ 25. cxd5 a5
26. Rd7 a4 27. Nc1 a3 28. Na2 Rfd8 29. Rc7 Rdb8 30. Kg2 Rb2 31. Nc3 g6
{White resigns}
0-1

[Event "ICCopen2016"]
[Site "Internet Chess Club"]
[Date "2016.06.04"]
[Round "8"]
[White "Heinichess"]
[Black "RonJB"]
[Result "1-0"]
[ICCResult "Black resigns"]
[WhiteElo "1846"]
[BlackElo "1649"]
[Opening "Queen's pawn: Yusupov-Rubinstein system"]
[ECO "A40"]
[NIC "QO.17"]
[Time "15:21:59"]
[TimeControl "180+0"]

1. d4 e6 2. Nf3 Nf6 3. e3 b6 4. Bd3 Bb7 5. Nbd2 c5 6. c3 d5 7. Ne5 Be7 8. f4
O-O 9. g4 Na6 10. Qf3 Ne4 11. Nxe4 dxe4 12. Bxe4 Bxe4 13. Qxe4 Bh4+ 14. Kf1
cxd4 15. exd4 Rc8 16. Kg2 Bf6 17. Be3 g6 18. h4 Bg7 19. h5 f5 20. hxg6 hxg6
21. Qf3 Qd5 22. Nxg6 Qxf3+ 23. Kxf3 fxg4+ 24. Kxg4 Rf6 25. Ne7+ {Black
resigns} 1-0

[Event "ICCopen2016"]
[Site "Internet Chess Club"]
[Date "2016.06.04"]
[Round "8"]
[White "oriGinal"]
[Black "Ajolote"]
[Result "0-1"]
[ICCResult "White checkmated"]
[WhiteElo "1754"]
[BlackElo "1533"]
[Opening "Trompowsky attack (Ruth, Opocenský opening)"]
[ECO "A45"]
[NIC "QP.07"]
[Time "15:20:47"]
[TimeControl "180+0"]

1. d4 Nf6 2. Bg5 h6 3. Bh4 e6 4. e3 Be7 5. Nf3 d5 6. Bb5+ Bd7 7. Bd3 Nc6 8.
c3 O-O 9. O-O Ne8 10. Bxe7 Qxe7 11. Nbd2 Nd6 12. Bc2 Nd8 13. Re1 b6 14. Qe2
c5 15. e4 dxe4 16. Nxe4 Bc6 17. Nxd6 Qxd6 18. Qd3 g6 19. Ne5 Qd5 20. f3 cxd4
21. Nxg6 Bb5 22. Ne7+ Kg7 23. Nxd5 Bxd3 24. Bxd3 exd5 25. cxd4 Nc6 26. Ba6
Nxd4 27. Rad1 Ne6 28. Rxd5 Rfc8 29. Bxc8 Rxc8 30. Rd7 Rc2 31. Rxa7 Kf6 32.
g3 Rxb2 33. Rb7 Nd4 34. Rf1 Ne2+ 35. Kf2 Nd4+ 36. Ke3 Nf5+ 37. Kf4 Rb4#
{White checkmated}
0-1

[Event "ICCopen2016"]
[Site "Internet Chess Club"]
[Date "2016.06.04"]
[Round "8"]
[White "peri00"]
[Black "SuperGMBobbyF"]
[Result "1-0"]
[ICCResult "Black resigns"]
[WhiteElo "1312"]
[BlackElo "1222"]
[Opening "QGD: 3...Nf6"]
[ECO "D35"]
[NIC "QO.16"]
[Time "15:22:40"]
[TimeControl "180+0"]

1. d4 d5 2. c4 Nf6 3. Nc3 e6 4. e3 Bb4 5. Bd2 c6 6. cxd5 cxd5 7. a3 Bxc3 8.
Bxc3 Ne4 9. Rc1 Qf6 10. Nf3 g5 11. Bd3 g4 12. Bxe4 dxe4 13. Ne5 Nc6 14. Nxc6
bxc6 15. Qxg4 e5 16. Qxe4 O-O 17. Qxe5 Qg6 18. O-O f6 19. Qd6 Kh8 20. Qxf8+
Qg8 {Black resigns} 1-0

[Event "ICCopen2016"]
[Site "Internet Chess Club"]
[Date "2016.06.04"]
[Round "8"]
[White "BlackHorse96"]
[Black "Antidrome"]
[Result "1-0"]
[ICCResult "Black resigns"]
[WhiteElo "3146"]
[BlackElo "2612"]
[Opening "Queen's pawn: Chigorin variation"]
[ECO "D00"]
[NIC "QP.08"]
[Time "15:21:56"]
[TimeControl "180+0"]

1. d4 d5 2. Nc3 Nf6 3. Bf4 c5 4. e4 dxe4 5. dxc5 Qxd1+ 6. Rxd1 Bg4 7. f3
exf3 8. Nb5 Na6 9. Nxf3 Bxf3 10. gxf3 e5 11. Bxe5 Bxc5 12. Nd6+ Bxd6 13.
Bxd6 O-O-O 14. Bh3+ Nd7 15. Kf2 Nc7 16. Be7 Ne6 17. Bxe6 fxe6 18. Bxd8 Rxd8
19. Rd6 Rf8 20. Rxe6 Nc5 21. Re7 Kd8 22. Rxg7 Ne4+ 23. Ke3 Nd6 24. Rd1 Rf6
25. Rxh7 Ke8 26. Rxd6 Rxd6 27. Rxb7 Ra6 28. a3 Kd8 29. h4 Kc8 30. Rh7 Re6+
31. Kf2 Rd6 32. h5 {Black resigns} 1-0

[Event "ICCopen2016"]
[Site "Internet Chess Club"]
[Date "2016.06.04"]
[Round "8"]
[White "Barbos"]
[Black "Nedwis"]
[Result "0-1"]
[ICCResult "White resigns"]
[WhiteElo "2549"]
[BlackElo "2896"]
[Opening "Catalan opening"]
[ECO "E00"]
[NIC "CA.01"]
[Time "15:20:43"]
[TimeControl "180+0"]

1. d4 Nf6 2. c4 e6 3. g3 c5 4. d5 b5 5. dxe6 fxe6 6. Bg2 d5 7. cxb5 Be7 8.
Nc3 O-O 9. Nf3 d4 10. Na4 Qa5+ 11. Bd2 Qxb5 12. O-O Bb7 13. Rc1 Nbd7 14. Qb3
Qxb3 15. axb3 Rab8 16. Bf4 Bxf3 17. Bxf3 Rxb3 18. Rc2 e5 19. Bg5 e4 20. Bxe4
Nxe4 21. Bxe7 Re8 22. Bxc5 Nexc5 23. Nxc5 Nxc5 24. Rxc5 Rxb2 25. Rd5 Rd2 26.
Ra5 Re7 27. Kg2 Rdxe2 28. Rd5 Rd2 29. Rf5 g6 30. Rf4 d3 31. Rb1 Rd7 32. Rbb4
Ra2 33. Rbd4 Rxd4 34. Rxd4 d2 35. Kf3 a5 36. Ke3 Kf7 37. f4 h5 38. h3 a4 39.
g4 a3 40. Ke2 Rb2 {White resigns} 0-1

[Event "ICCopen2016"]
[Site "Internet Chess Club"]
[Date "2016.06.04"]
[Round "8"]
[White "NETAO"]
[Black "kfactor"]
[Result "1-0"]
[ICCResult "Black checkmated"]
[WhiteElo "1819"]
[BlackElo "1382"]
[Opening "French defense"]
[ECO "C01"]
[NIC "FR.01"]
[Time "15:21:33"]
[TimeControl "180+0"]

1. e4 e6 2. d4 c6 3. e5 d5 4. exd6 Bxd6 5. Nf3 h5 6. Bd3 g6 7. c3 Bf8 8.
Nbd2 Bh6 9. Ne4 Qe7 10. Ne5 Nd7 11. f4 Nxe5 12. fxe5 Bxc1 13. Qxc1 Bd7 14.
Qf4 Nh6 15. Nd6+ Kf8 16. O-O Nf5 17. Bxf5 gxf5 18. Rf3 Rg8 19. Rg3 Rxg3 20.
hxg3 Rb8 21. Kf2 Kg8 22. Rh1 f6 23. Rxh5 fxe5 24. Rg5+ Kf8 25. Qh4 Qg7 26.
Rxg7 Kxg7 27. Qg5+ Kf8 28. Qf6+ Kg8 29. Qg6+ Kh8 30. Nf7# {Black checkmated}
1-0

[Event "ICCopen2016"]
[Site "Internet Chess Club"]
[Date "2016.06.04"]
[Round "8"]
[White "HPG1947"]
[Black "bladerunner020"]
[Result "1-0"]
[ICCResult "Black checkmated"]
[WhiteElo "1676"]
[BlackElo "1281"]
[Opening "Danish gambit"]
[ECO "C21"]
[NIC "KP.04"]
[Time "15:20:58"]
[TimeControl "180+0"]

1. e4 e5 2. d4 exd4 3. c3 d6 4. cxd4 Nc6 5. Nc3 Nf6 6. Bg5 Be7 7. d5 Ne5 8.
Nf3 Bg4 9. Bb5+ c6 10. dxc6 bxc6 11. Be2 O-O 12. Nd4 Bxe2 13. Qxe2 a6 14. f4
Ng6 15. Nxc6 Qd7 16. Nxe7+ Qxe7 17. Nd5 Qe8 18. Bxf6 Qe6 19. f5 Qxf6 20.
Nxf6+ gxf6 21. fxg6 fxg6 22. O-O a5 23. Qd3 Rad8 24. Qd5+ Kg7 25. Rac1 h5
26. Rc7+ Kh6 27. Qd2+ g5 28. h4 Rg8 29. Rxf6+ Rg6 30. Qxg5# {Black
checkmated} 1-0

[Event "ICCopen2016"]
[Site "Internet Chess Club"]
[Date "2016.06.04"]
[Round "8"]
[White "abroz"]
[Black "Indiana-Jones"]
[Result "0-1"]
[ICCResult "White resigns"]
[WhiteElo "2540"]
[BlackElo "2827"]
[Opening "Corn stalk defense"]
[ECO "B00"]
[NIC "VO.17"]
[Time "15:22:08"]
[TimeControl "180+0"]

1. e4 a5 2. Nf3 h5 3. d4 b6 4. c4 Bb7 5. Bd3 e6 6. O-O d6 7. Bg5 Be7 8. h4
Nd7 9. Re1 e5 10. Nc3 Bxg5 11. Nxg5 Ngf6 12. Ne2 Nf8 13. Ng3 Bc8 14. Nf5 g6
15. Ne3 Ne6 16. dxe5 dxe5 17. Nd5 Nxg5 18. hxg5 Nxd5 19. exd5 Qxg5 20. Qe2
f6 21. c5 O-O 22. d6 cxd6 23. cxd6 Be6 24. Bc4 Qf5 25. Rad1 Rad8 26. Bxe6+
Qxe6 27. Qd3 Kg7 28. f4 Rd7 29. fxe5 fxe5 30. Re2 Rf6 31. Red2 e4 32. Qd4 e3
33. Re2 Rxd6 34. Qxd6 Qxd6 35. Rxd6 Rxd6 36. Rxe3 Kf6 37. Rb3 Ke5 38. Rb5+
Kd4 39. Kf2 Kc4 40. Rg5 Rd2+ 41. Kf3 Rxb2 42. Rxg6 b5 43. Rg5 Rxa2 44. Rxh5
b4 45. Rh4+ Kc3 46. g4 b3 47. g5 b2 48. Rh1 Ra1 {White resigns} 0-1

[Event "ICCopen2016"]
[Site "Internet Chess Club"]
[Date "2016.06.04"]
[Round "8"]
[White "toguho"]
[Black "QuieroAprender"]
[Result "1/2-1/2"]
[ICCResult "Game drawn by repetition"]
[WhiteElo "1537"]
[BlackElo "1387"]
[Opening "Vienna game, Max Lange defense"]
[ECO "C25"]
[NIC "VG.04"]
[Time "15:20:56"]
[TimeControl "180+0"]

1. e4 e5 2. Nc3 Nc6 3. Bc4 Bc5 4. d3 Nf6 5. h3 h6 6. Nge2 O-O 7. O-O d6 8.
Kh1 Be6 9. Nd5 Na5 10. f4 Nxc4 11. dxc4 Nxd5 12. exd5 Bd7 13. fxe5 dxe5 14.
Ng3 Qh4 15. Nf5 Bxf5 16. Rxf5 Qg3 17. Rf3 Qh4 18. Qf1 f5 19. c3 g5 20. b4 e4
21. Rxf5 Rxf5 22. Qxf5 Qe1+ 23. Kh2 Bd6+ 24. Bf4 Bxf4+ 25. Qxf4 Qxa1 26. Qf6
Re8 27. Qg6+ Kf8 28. Qf6+ Kg8 29. Qg6+ Kf8 30. Qf6+ Kg8 31. Qg6+ Kf8
{Game drawn by repetition}
1/2-1/2

[Event "ICCopen2016"]
[Site "Internet Chess Club"]
[Date "2016.06.04"]
[Round "8"]
[White "MasterZachary"]
[Black "YoureFired"]
[Result "1-0"]
[ICCResult "Black resigns"]
[WhiteElo "2144"]
[BlackElo "1840"]
[Opening "Pirc: Byrne variation"]
[ECO "B07"]
[NIC "PU.09"]
[Time "15:20:37"]
[TimeControl "180+0"]

1. e4 d6 2. d4 Nf6 3. Nc3 g6 4. Bg5 Bg7 5. Qd2 c6 6. O-O-O b5 7. Qe3 b4 8.
Nce2 Qa5 9. Kb1 Nxe4 10. Bxe7 Kxe7 11. Qxe4+ Be6 12. Nf4 Qxa2+ 13. Kc1 Qa1+
14. Kd2 Qxb2 15. d5 cxd5 16. Nxd5+ Kd7 17. Bb5+ Nc6 18. Bxc6+ Kxc6 19. Nxb4+
Kd7 20. Qb7+ Ke8 21. Qxa8+ Ke7 22. Qxa7+ Bd7 23. Re1+ Be5 24. Nc6+ Ke6 25.
Nxe5 dxe5 26. Qa6+ Ke7 27. Qe2 Qc3+ 28. Kxc3 {Black resigns} 1-0

[Event "ICCopen2016"]
[Site "Internet Chess Club"]
[Date "2016.06.04"]
[Round "8"]
[White "Piranha"]
[Black "marianzaim"]
[Result "1-0"]
[ICCResult "Black checkmated"]
[WhiteElo "1769"]
[BlackElo "1908"]
[Opening "Sicilian: Kan, 5.Bd3"]
[ECO "B42"]
[NIC "SI.42"]
[Time "15:22:02"]
[TimeControl "180+0"]

1. e4 c5 2. Nf3 e6 3. d4 cxd4 4. Nxd4 a6 5. Bd3 Qc7 6. Qe2 d6 7. f4 Nc6 8.
Be3 Nf6 9. Nd2 Be7 10. O-O-O Bd7 11. Kb1 b5 12. Nxc6 Bxc6 13. g4 Qb7 14. Bd4
O-O 15. g5 Nd7 16. Rhg1 e5 17. Be3 exf4 18. Bxf4 Ne5 19. Nf3 Nxf3 20. Qxf3
d5 21. e5 Bc5 22. Rg3 d4 23. Bxh7+ Kxh7 24. Qh5+ Kg8 25. Rh3 f5 26. g6 Bf3
27. Qh8# {Black checkmated} 1-0

[Event "ICCopen2016"]
[Site "Internet Chess Club"]
[Date "2016.06.04"]
[Round "8"]
[White "majasystem"]
[Black "dineshsharma"]
[Result "1-0"]
[ICCResult "Black forfeits on time"]
[WhiteElo "2181"]
[BlackElo "2347"]
[Opening "Nimzo-Indian: Fischer variation, 5.Ne2"]
[ECO "E44"]
[NIC "NI.13"]
[Time "15:20:55"]
[TimeControl "180+0"]

1. d4 Nf6 2. c4 e6 3. Nc3 Bb4 4. e3 b6 5. Ne2 Bb7 6. a3 Be7 7. d5 O-O 8. e4
exd5 9. cxd5 Re8 10. f3 Bc5 11. Bg5 h6 12. Bh4 a5 13. Qd2 Nxe4 14. Bxd8 Nxd2
15. Bxc7 Nb3 16. Rd1 Na6 17. Bg3 Be3 18. Bf2 d6 19. Bxe3 Rxe3 20. Kf2 Re5
21. Nd4 Nxd4 22. Rxd4 Nc5 23. Bb5 Rc8 24. Rhd1 g5 25. g3 Nb3 26. Rc4 Rxc4
27. Bxc4 Nc5 28. b4 axb4 29. axb4 Nd7 30. Nb5 Nf6 31. Nxd6 Bxd5 32. Bd3 g4
33. f4 Re6 34. Nf5 h5 35. Ne3 Bf3 36. Rc1 Rd6 37. Rc8+ Kg7 38. Nf5+
{Black forfeits on time}
1-0

[Event "ICCopen2016"]
[Site "Internet Chess Club"]
[Date "2016.06.04"]
[Round "8"]
[White "Baltimora"]
[Black "xvannix"]
[Result "1-0"]
[ICCResult "Black resigns"]
[WhiteElo "2264"]
[BlackElo "1725"]
[Opening "English: Caro-Kann defensive system"]
[ECO "A11"]
[NIC "EO.64"]
[Time "15:22:20"]
[TimeControl "180+0"]

1. c4 c6 2. g3 d5 3. Bg2 e6 4. Nf3 f5 5. O-O Nf6 6. d3 Bd6 7. Bf4 Bxf4 8.
gxf4 O-O 9. Nbd2 Qe8 10. e3 Kh8 11. Kh1 Nbd7 12. Rg1 Ng4 13. Qe2 e5 14. fxe5
Ndxe5 15. Nxe5 Qxe5 16. Nf3 Qf6 17. h3 Be6 18. b3 f4 19. e4 Qh6 20. exd5
cxd5 21. Rae1 Bf5 22. Nd4 Bd7 23. cxd5 Rae8 24. Ne6 Bxe6 25. dxe6 Rxe6 26.
Qxe6 Nxf2+ 27. Kh2 f3 28. Qxh6 gxh6 29. Rgf1 Nxd3 30. Re3 {Black resigns}
1-0

[Event "ICCopen2016"]
[Site "Internet Chess Club"]
[Date "2016.06.04"]
[Round "8"]
[White "florish"]
[Black "MorningRunner"]
[Result "0-1"]
[ICCResult "White resigns"]
[WhiteElo "1956"]
[BlackElo "2166"]
[Opening "Queen's pawn: Torre attack"]
[ECO "A40"]
[NIC "QP.04"]
[Time "15:21:35"]
[TimeControl "180+0"]

1. d4 e6 2. Nf3 Nf6 3. Bg5 Be7 4. Nbd2 c5 5. e3 cxd4 6. exd4 Nc6 7. c3 Qb6
8. Nc4 Qc7 9. Bd3 O-O 10. O-O b5 11. Nce5 Bb7 12. Bxb5 d6 13. Nxc6 Bxc6 14.
Bxc6 Qxc6 15. Qe2 Rab8 16. Rac1 Rb7 17. b3 Rfb8 18. c4 a5 19. Rfd1 a4 20. d5
exd5 21. cxd5 Qd7 22. bxa4 h6 23. Bf4 Qxa4 24. Rc4 Qa3 25. Nd4 Bf8 26. Nc6
Re8 27. Qd2 Rb2 28. Qd4 Qxa2 29. Ra4 Qb3 30. f3 Ree2 31. Rb4 Rxg2+ 32. Kh1
Rxh2+ 33. Bxh2 Qxf3+ {White resigns} 0-1

[Event "ICCopen2016"]
[Site "Internet Chess Club"]
[Date "2016.06.04"]
[Round "8"]
[White "Biscuetz"]
[Black "Alright2015"]
[Result "0-1"]
[ICCResult "White resigns"]
[WhiteElo "1579"]
[BlackElo "2111"]
[Opening "Queen's pawn: London system"]
[ECO "A45"]
[NIC "QP.07"]
[Time "15:21:25"]
[TimeControl "180+0"]

1. d4 Nf6 2. Bf4 c5 3. c3 e6 4. Nf3 Nc6 5. e3 b6 6. Be2 Bb7 7. Nbd2 d5 8. h3
Bd6 9. Bxd6 Qxd6 10. O-O O-O-O 11. a4 e5 12. dxe5 Nxe5 13. c4 d4 14. exd4
cxd4 15. Nxe5 Qxe5 16. Nf3 Qf4 17. Nd2 h5 18. Bf3 Ng4 19. Bxb7+ Kxb7 20.
Qf3+ Qxf3 21. Nxf3 Nf6 22. Rad1 Rhe8 23. Nxd4 Re4 24. Nb5 Rxd1 25. Rxd1 Ne8
26. Rd7+ Kc8 27. Rxa7 Rxc4 28. Ra8+ Kd7 29. Rxe8 Rc1+ 30. Re1 Rxe1+ 31. Kh2
Re2 32. b4 Rxf2 33. a5 bxa5 34. bxa5 Ra2 35. Nd4 Rxa5 36. Nf5 Rxf5
{White resigns}
0-1

[Event "ICCopen2016"]
[Site "Internet Chess Club"]
[Date "2016.06.04"]
[Round "8"]
[White "YKQ"]
[Black "Danyuffa"]
[Result "0-1"]
[ICCResult "White resigns"]
[WhiteElo "2561"]
[BlackElo "2178"]
[Opening "King's Indian: fianchetto, lesser Simagin (Spassky) variation"]
[ECO "E62"]
[NIC "KI.72"]
[Time "15:21:46"]
[TimeControl "180+0"]

1. c4 g6 2. Nc3 Bg7 3. g3 Nf6 4. Bg2 O-O 5. Nf3 d6 6. d4 Nc6 7. O-O Bf5 8.
Bf4 Ne4 9. Nxe4 Bxe4 10. Rc1 Bxf3 11. Bxf3 Nxd4 12. Bg2 c6 13. b3 a5 14. e3
Ne6 15. h4 a4 16. h5 g5 17. h6 Bf6 18. Be4 Kh8 19. Qg4 Rg8 20. Qf5 Rg6 21.
Qh3 gxf4 22. Bxg6 hxg6 23. exf4 axb3 24. axb3 Qa5 25. Rfe1 Qf5 26. Qxf5 gxf5
27. Kg2 Nc5 28. Re3 e6 29. Rd1 d5 30. cxd5 cxd5 31. b4 Ne4 32. Rc1 Ra2 33.
Rf3 Bd4 34. Rc7 Nxf2 35. Rxf7 Ng4+ 36. Kf1 Nh2+ 37. Ke1 Nxf3+ {White
resigns} 0-1

[Event "ICCopen2016"]
[Site "Internet Chess Club"]
[Date "2016.06.04"]
[Round "8"]
[White "EeEk"]
[Black "Skeptic1972"]
[Result "0-1"]
[ICCResult "White resigns"]
[WhiteElo "1866"]
[BlackElo "1400"]
[Opening "QGD: Tarrasch, von Hennig-Schara gambit"]
[ECO "D32"]
[NIC "TD.10"]
[Time "15:21:24"]
[TimeControl "180+0"]

1. d4 d5 2. c4 e6 3. Nc3 c5 4. cxd5 cxd4 5. Qxd4 Nc6 6. Qa4 exd5 7. Nf3 d4
8. Ne4 Nf6 9. Bg5 Bb4+ 10. Nfd2 O-O 11. g3 Qd5 12. Bg2 Nxe4 13. Bxe4 Qxe4
14. f3 Qg6 15. Bf4 Bd7 16. O-O Rfe8 17. Rfe1 Qf5 18. Qb3 g5 19. a3 Ba5 20.
Bxg5 Qxg5 21. Rad1 Bxd2 {White resigns} 0-1